 Dungeon Crawl Stone Soup version 0.31-a0-810-ga77100ea1a (webtiles) character file.

Game seed: 14731229609316057187

620 innerfire43 the Trooper (level 7, -5/56 HPs)
             Began as a Demonspawn Monk on Sept 19, 2023.
             Was a Believer of Cheibriados.
             Slain by a yak (9 damage)
             ... on level 4 of the Dungeon on Sept 21, 2023.
             The game lasted 00:06:35 (2221 turns).

innerfire43 the Trooper (Demonspawn Monk)           Turns: 2221, Time: 00:06:37

Health: -5/56      AC: 21    Str: 18    XL:     7   Next: 22%
Magic:  7/7        EV:  7    Int: 17    God:    Cheibriados [**....]
Gold:   109        SH:  0    Dex: 19    Spells: 6/6 levels left

rFire   . . .        a - +0 spear
rCold   . . .        d - orb {light}
rNeg    + + .        r - +3 plate armour of the Old and Reckless {-Tele rN++ Regen+ Int+2}
rPois   .            (no helmet)
rElec   .            (no cloak)
rCorr   .            (no gloves)
SInv    .            o - +0 pair of boots
Will    .....        (no amulet) Stlth
                     (no ring)
HPRegen 1.09/turn    (no ring)
MPRegen 0.10/turn

%: no teleportation
@: sanguine armoured, glowing, very slow
A: claws 1, foul stench 2, sanguine armour 1
a: Renounce Religion, Bend Time


You were on level 4 of the Dungeon.
You worshipped Cheibriados.
Cheibriados was pleased with you.
You visited 1 branch of the dungeon, and saw 4 of its levels.

You collected 191 gold pieces.
You spent 82 gold pieces at shops.

Inventory:

Hand Weapons
 a - a +0 spear (weapon)
Armour
 b - a +0 robe
 d - an orb of light (worn)
 o - a +0 pair of boots (worn)
 r - the +3 plate armour of the Old and Reckless (worn) {-Tele rN++ Regen+ Int+2}
   (You found it on level 3 of the Dungeon)

   Int+2:     It affects your intelligence (+2).
   rN++:      It greatly protects you from negative energy.
   -Tele:     It prevents most forms of teleportation.
   Regen+:    It increases your rate of health regeneration.
Scrolls
 e - a scroll of silence {unknown}
 f - a scroll of fear {unknown}
 h - a scroll of torment {unknown}
 i - a scroll of blinking {unknown}
 j - 2 scrolls of vulnerability {unknown}
 k - a scroll of teleportation {unknown}
 m - 2 scrolls of amnesia {unknown}
 s - a scroll of poison {unknown}
 t - a scroll of noise {unknown}
 u - a scroll of enchant weapon
Potions
 c - 2 potions of ambrosia
 g - a potion of heal wounds {unknown}
 l - a potion of lignification {unknown}
 n - a potion of degeneration {unknown}
 p - a potion of magic {unknown}
 q - a potion of enlightenment {unknown}


   Skills:
 * Level 5.6 Fighting
 + Level 4.4 Polearms
 * Level 3.0 Armour
 - Level 3.8 Dodging


You had 6 spell levels left.
You didn't know any spells.
Your spell library contained the following spells:

 Spells                   Type           Power      Damage    Failure   Level
 Frozen Ramparts          Ice            0%         1d1       100%        3
 Petrify                  Tmut/Erth      0%         N/A       100%        4
 Metabolic Englaciation   Hex/Ice        0%         N/A       100%        5
 Chain Lightning          Conj/Air       0%         N/A       100%        9
 Fire Storm               Conj/Fire      0%         5d1       100%        9
 Shatter                  Erth           0%         3d5*      100%        9


Dungeon Overview and Level Annotations

Branches:
Dungeon (4/15)
 Temple: D:4-7

Altars:
Cheibriados
Nemelex Xobeh

Shops:
D:3 *   D:4 ?


Innate Abilities, Weirdness & Mutations

You have sharp fingernails.
You sometimes emit foul miasma when damaged in melee.
When seriously injured, your blood forms armour. (AC +6)


Message History

Press: ? - help, Dir - move target, f/p - yak
Aim: a yak (heavily wounded, haloed, about 9% to evade your +0 spear)
You hit the yak but do no damage.
The yak is heavily wounded.
The yak gores you but does no damage.
You hit the yak but do no damage.
The yak is heavily wounded.
The yak gores you but does no damage.
You hit the yak.
The yak is severely wounded.
The yak gores you but does no damage.
You hit the yak.
The yak is severely wounded.
The yak gores you!
You barely miss the yak.
The yak is severely wounded.
You hit the yak but do no damage.
The yak is severely wounded.
The yak gores you!
You hit the yak.
The yak is almost dead.
The yak gores you!
* * * LOW HITPOINT WARNING * * *
You hit the yak.
The yak is almost dead.
The yak completely misses you.
You hit the yak but do no damage.
The yak is almost dead.
The yak gores you!
* * * LOW HITPOINT WARNING * * *
You hit the yak but do no damage.
The yak is almost dead.
The yak gores you but does no damage.
Reach: a) +0 spear
Press: ? - help, Dir - move target, f/p - yak
Aim: a yak (almost dead, haloed, about 9% to evade your +0 spear)
You hit the yak.
The yak is almost dead.
The yak gores you!
You die...

###.# ..... #.#
..... # #.# #..# ##
... ##. #.# #..#
#........ #.# #..#
#.#.#.# #.# #..#
#.Y.# #.# #..# #.#
#.#####..# ######.#
#....##..###..@Y..#
####......##.######
####...##.#
#.†)##.####
#.........#
#..........##.#
#.#####.##....#
#.##.##.# #.##.. ..


You could see a yak.

Vanquished Creatures
  3 yaks (D:4)
  4 adders
  5 gnolls
  2 worms (D:2)
  5 dart slugs
  3 orcs
  10 ball pythons
  6 endoplasms
  4 giant cockroaches
  8 hobgoblins
  4 jackals
  4 quokkas
  6 bats
  6 frilled lizards
  3 goblins
  6 kobolds
  10 rats
89 creatures vanquished.

Notes
Turn   | Place    | Note
-------+----------+-------------------------------------------
     0 | D:1      | innerfire43 the Demonspawn Monk began the quest for the
                  | Orb.
     0 | D:1      | Reached XP level 1. HP: 18/18 MP: 1/1
    30 | D:1      | Gained mutation: You have sharp fingernails. [demonic
                  | ancestry]
    30 | D:1      | Reached XP level 2. HP: 18/24 MP: 2/2
   121 | D:1      | Found a faded altar of an unknown god.
   259 | D:1      | Gained mutation: You may rarely emit foul miasma when
                  | damaged in melee. [demonic ancestry]
   259 | D:1      | Reached XP level 3. HP: 25/29 MP: 3/3
   677 | D:2      | Gained mutation: You sometimes emit foul miasma when
                  | damaged in melee. [demonic ancestry]
   677 | D:2      | Reached XP level 4. HP: 16/37 MP: 4/4
  1140 | D:2      | Reached skill level 4 in Fighting
  1515 | D:3      | Upgraded the game from 0.31-a0-799-g6bc09d010c to
                  | 0.31-a0-810-ga77100ea1a
  1642 | D:3      | Reached XP level 5. HP: 42/42 MP: 5/5
  1692 | D:3      | Found Zin's Purification Station.
  1716 | D:3      | Identified the +3 plate armour of the Old and Reckless
                  | {-Tele rN++ Regen+ Int+2}
  1859 | D:3      | Found a snail-covered altar of Cheibriados.
  1883 | D:3      | Became a worshipper of Cheibriados the Contemplative
  1883 | D:3      | Reached * piety under Cheibriados
  1883 | D:3      | Reached ** piety under Cheibriados
  1903 | D:3      | Found a sparkling altar of Nemelex Xobeh.
  2075 | D:4      | Found Amiol's Magic Scroll Emporium.
  2089 | D:4      | Bought a scroll of enchant weapon for 82 gold pieces
  2147 | D:4      | Noticed a yak
  2148 | D:4      | Noticed a yak
  2148 | D:4      | Noticed a yak
  2149 | D:4      | Noticed a yak
  2166 | D:4      | Killed a yak
  2167 | D:4      | Reached skill level 1 in Armour
  2167 | D:4      | Gained mutation: When seriously injured, your blood forms
                  | armour. (AC +6) [demonic ancestry]
  2167 | D:4      | Reached XP level 6. HP: 34/50 MP: 6/6
  2181 | D:4      | Killed a yak
  2182 | D:4      | Reached skill level 5 in Fighting
  2202 | D:4      | Killed a yak
  2203 | D:4      | Reached XP level 7. HP: 22/56 MP: 7/7
  2219 | D:4      | HP: 2/56 [yak (10)]
  2221 | D:4      | Slain by a yak

Illustrated notes

Levels and vault maps discovered:
D:1:      ncdulo_wetmaze, layout_rooms, hellmonk_ecumenical_altar_arch_garden,
          serial_park_tiny_2
D:2:      layout_basic
D:3:      layout_basic, nemelex_xobeh_ov_fountains_minmay, zin_purify,
          kennysheep_slug_shrine
D:4:      layout_loops_ring, serial_shops, shop, nicolae_shop_drivethru,
          nicolae_shop_rolling_square, shop, nicolae_shop_rolled_up

Skill      XL: |  1  2  3  4  5  6 |
---------------+-------------------+-----
Dodging        | 3 |  3.8
Polearms       | 3 4 |  4.4
Fighting       | 4 5 |  5.6
Armour         | 1 3 |  3.0

Action                     |  1- 3 |  4- 6 |  7- 9 || total
---------------------------+-------+-------+-------++-------
  Melee: Spear             |   112 |   234 |    19 ||   365
    Use: Potion            |       |     1 |       ||     1
 Armour: Robe              |    28 |    53 |       ||    81
         Plate armour      |       |    39 |     9 ||    48
  Dodge: Dodged            |    49 |    94 |     2 ||   145

Table legend: (Time is in decaauts)
 A = Elapsed time spent in this place.
 B = Non-inter-level travel time spent in this place.
 C = Inter-level travel time spent in this place.
 D = Time resting spent in this place.
 E = Time spent auto-exploring this place.
 F = Levels seen in this place.
 G = Mean time per level.
                   A        B        C        D        E       F      G
               +--------+--------+--------+--------+--------+-----+--------+
         Total |   2300 |   2228 |     72 |      0 |   1620 |   4 |  575.0 |
       Dungeon |   2300 |   2228 |     72 |      0 |   1620 |   4 |  575.0 |
               +--------+--------+--------+--------+--------+-----+--------+

Top non-repeatable levels by time:
     D:3: 829 daAuts
     D:2: 643 daAuts
     D:1: 624 daAuts
     D:4: 202 daAuts
